 Dungeon Crawl Stone Soup version 0.27-a0-1196-g3e9cee4cb2 (webtiles) character file.

Game seed: 12045653796428341110

904180 Morbidden the Sorcerer (level 27, 287/287 HPs)
             Began as a Demonspawn Necromancer on May 19, 2021.
             Was the Champion of Cheibriados.
             Quit the game on level 4 of the Depths on May 29, 2021.
             The game lasted 03:36:00 (91977 turns).

Morbidden the Sorcerer (Demonspawn Necromancer)    Turns: 91977, Time: 03:36:01

Health: 287/287    AC: 40    Str: 28    XL:     27
Magic:  53/53      EV: 34    Int: 44    God:    Cheibriados [******]
Gold:   8171       SH: 35    Dex: 31    Spells: 21/68 levels left

rFire    + + +     SeeInvis +   b - +9 double sword (elec)
rCold    + . .     Faith    .   r - +2 tower shield {AC+3}
rNeg     + + +     Spirit   +   s - +4 moon troll leather armour {Spirit, Regen++ MP+5}
rPois    ∞         Reflect  +   (helmet unavailable)
rElec    +         Harm     .   I - +4 dragonskin cloak
rCorr    +         Rampage  .   S - +2 pair of gloves {archery}
Will     +++++     Rnd*Tele +   j - +1 pair of boots {Fly}
Stlth    ++++++....             z - amulet of Sunlight {Reflect *Corrode rF++ Regen+ SH+5 SInv}
HPRegen  3.57/turn              R - ring "Qafo Jis" {rF+ rCorr Int+4 Slay+3}
MPRegen  0.66/turn              v - ring "Guwkag" {rElec Will+ AC+4 Dex+2}

@: lich-form (expiring), flying, studying 8 skills, repel missiles, very slow
A: draining attack, torment immunity, no potions, horns 3, repulsion field 3,
icemail 2, robust 3, magic shield, magic regeneration, magic link, condensation
shield, strong-willed 1, teleportitis 2
}: 6/15 runes: decaying, slimy, silver, obsidian, abyssal, gossamer
a: End Transformation, Renounce Religion, Bend Time, Temporal Distortion,
Slouch, Step From Time


You were on level 4 of the Depths.
You worshipped Cheibriados.
Cheibriados was exalted by your worship.
You were an undead lich.
You visited 14 branches of the dungeon, and saw 66 of its levels.
You visited the Abyss 2 times.
You also visited: Trove, Bailey, Gauntlet and Ice Cave.

You collected 12232 gold pieces.
You spent 4061 gold pieces at shops.

Inventory:

Hand Weapons
 a - the +9 hunting sling "Wevup" {freeze, Dex+4 Stlth+}
   (You found it in a bailey)

   It causes projectiles fired from it to freeze those they strike, causing
   extra injury to most foes and up to half again as much damage against
   particularly susceptible opponents.
   They can also slow down cold-blooded creatures.
   It affects your dexterity (+4).
   It makes you more stealthy.
 b - a +9 double sword of electrocution (weapon)
 d - the +0 staff of Battle
   (You found it on level 3 of the Crypt)
 g - the +3 sling "Punk" {acid, rCorr}
   (You found it on level 7 of Gehenna)

   It protects you from acid and corrosion.
Missiles
 n - 5 throwing nets
 p - 80 boomerangs (quivered)
 D - 8 boomerangs of dispersal
 G - 314 sling bullets
 T - 20 silver javelins
 U - 21 javelins
 Y - 12 silver boomerangs
Armour
 j - a +1 pair of boots of flying (worn)
 r - a +2 tower shield of protection (worn)
 s - the +4 moon troll leather armour (worn) {Spirit, Regen++ MP+5}
   (You bought it in a shop on level 2 of the Orcish Mines)

   It affects your magic capacity (+5).
   It increases your rate of health regeneration.
 I - the +4 dragonskin cloak (worn)
   (You took it off Tiamat on level 3 of the Realm of Zot)
 S - a +2 pair of gloves of archery (worn)
Jewellery
 v - the ring "Guwkag" (right hand) {rElec Will+ AC+4 Dex+2}
   (You found it on level 2 of the Depths)

   [ring of protection]

   It affects your AC (+4).
   It affects your dexterity (+2).
   It insulates you from electricity.
   It increases your willpower.
 z - the amulet of Sunlight (around neck) {Reflect *Corrode rF++ Regen+ SH+5 SInv}
   (You took it off a frost giant on level 5 of the Vaults)

   [amulet of reflection]

   It reflects blocked missile attacks.
   It greatly protects you from fire.
   It lets you see invisible.
   It increases your rate of health regeneration.
   It may corrode you when you take damage.
   It affects your SH (+5).
 R - the ring "Qafo Jis" (left hand) {rF+ rCorr Int+4 Slay+3}
   (You found it in a Gauntlet)

   [ring of protection from fire]

   It affects your intelligence (+4).
   It affects your accuracy and damage with ranged weapons and melee attacks
   (+3).
   It protects you from fire.
   It protects you from acid and corrosion.
Wands
 e - a wand of mindburst (32)
 w - a wand of paralysis (63)
 A - a wand of digging (11)
 B - a wand of acid (26)
 Q - a wand of iceblast (84)
 V - a wand of flame (81)
Scrolls
 c - a scroll of fog
 f - 3 scrolls of silence
 i - 70 scrolls of identify
 m - 2 scrolls of summoning
 q - 7 scrolls of enchant armour
 t - 9 scrolls of blinking
 y - 12 scrolls of amnesia
 P - 23 scrolls of teleportation
 W - 4 scrolls of fear
 X - 14 scrolls of magic mapping
Potions
 k - 8 potions of might
 u - 17 potions of curing
 C - 5 potions of resistance
 E - 3 potions of magic
 F - 5 potions of invisibility
 K - 4 potions of mutation
 N - 7 potions of ambrosia
 Z - 6 potions of heal wounds
Miscellaneous
 o - a condenser vane
 H - a tin of tremorstones (2/2)
 J - a box of beasts
 L - a phantom mirror


   Skills:
 * Level 19.1 Fighting
 * Level 12.4(16.2) Short Blades
 + Level 17.1(18.4) Long Blades
 + Level 0.6 Staves
 + Level 9.4(9.5) Slings
 + Level 2.0(6.2) Throwing
 + Level 5.9 Armour
 * Level 17.1 Dodging
 + Level 12.3 Stealth
 * Level 18.1 Shields
 + Level 21.1 Spellcasting
 * Level 19.1 Conjurations
 + Level 10.6 Summonings
 * Level 18.2 Necromancy
 - Level 12.1 Translocations
 * Level 11.5 Transmutations
 * Level 12.8 Air Magic
 + Level 8.9 Earth Magic
 - Level 13.0 Invocations
 * Level 13.6 Evocations


You had 21 spell levels left.
You knew the following spells:

 Your Spells              Type           Power      Damage    Failure   Level
a - Manifold Assault      Tloc           100%       N/A       1%          5
b - Vampiric Draining     Necr           71%        2d16      0%          3
c - Orb of Destruction    Conj           60%        9d17      1%          7
d - Hydra Form            Tmut           49%        N/A       1%          5
e - Searing Ray           Conj           100%       3d7       0%          2
f - Chain Lightning       Conj/Air       56%        N/A       11%         8
g - Necromutation         Tmut/Necr      66%        N/A       17%         8
x - Iskenderun's Mystic   Conj/Tloc      100%       2d19      1%          4
z - Borgnjor's Vile Clut  Necr/Erth      64%        N/A       1%          5

Your spell library contained the following spells:

 Spells                   Type           Power      Damage    Failure   Level
 Animate Skeleton         Necr           100%       N/A       0%          1
 Apportation              Tloc           100%       N/A       0%          1
 Beastly Appendage        Tmut           100%       N/A       0%          1
 Magic Dart               Conj           100%       1d8       0%          1
 Pain                     Necr           100%       1d9       0%          1
 Shock                    Conj/Air       100%       1d9       0%          1
 Summon Small Mammal      Summ           100%       N/A       0%          1
 Blink                    Tloc           N/A        N/A       0%          2
 Corpse Rot               Necr/Air       N/A        N/A       0%          2
 Static Discharge         Conj/Air       100%       N/A       0%          2
 Sublimation of Blood     Necr           71%        N/A       0%          2
 Wereblood                Tmut           99%        N/A       0%          2
 Stone Arrow              Conj/Erth      100%       3d13      0%          3
 Animate Dead             Necr           71%        N/A       0%          4
 Dispel Undead            Necr           100%       3d31      0%          4
 Iskenderun's Battlesphe  Conj           100%       2d15      0%          5
 Corona                   Hex            51%        N/A       1%          1
 Foxfire                  Conj/Fire      100%       2x1d9     1%          1
 Freeze                   Ice            100%       1d11      1%          1
 Sandblast                Erth           100%       2d20      1%          1
 Call Imp                 Summ           96%        N/A       1%          2
 Ensorcelled Hibernation  Hex/Ice        92%        N/A       1%          2
 Passwall                 Tmut/Erth      79%        N/A       1%          2
 Poisonous Vapours        Pois/Air       100%       N/A       1%          2
 Slow                     Hex            46%        N/A       1%          2
 Call Canine Familiar     Summ           96%        N/A       1%          3
 Conjure Flame            Conj/Fire      92%        6-21      1%          3
 Dazzling Flash           Conj/Hex       100%       N/A       1%          3
 Gell's Gravitas          Tloc           50%        N/A       1%          3
 Ignite Poison            Fire/Tmut/Pois 69%        N/A       1%          3
 Lesser Beckoning         Tloc           50%        N/A       1%          3
 Mephitic Cloud           Conj/Pois/Air  96%        N/A       1%          3
 Portal Projectile        Hex/Tloc       100%       N/A       1%          3
 Spider Form              Tmut/Pois      39%        N/A       1%          3
 Summon Guardian Golem    Hex/Summ       75%        N/A       1%          3
 Swiftness                Air            100%       N/A       1%          3
 Teleport Other           Tloc           100%       N/A       1%          3
 Airstrike                Air            51%        N/A       1%          4
 Animate Armour           Summ/Erth      100%       N/A       1%          4
 Fulminant Prism          Conj/Hex       46%        3d21      1%          4
 Hailstorm                Conj/Ice       92%        3d18      1%          4
 Ice Form                 Ice/Tmut       78%        N/A       1%          4
 Leda's Liquefaction      Hex/Erth       36%        N/A       1%          4
 Passage of Golubria      Tloc           N/A        N/A       1%          4
 Petrify                  Tmut/Erth      95%        N/A       1%          4
 Sticky Flame             Conj/Fire      92%        2d10      1%          4
 Summon Ice Beast         Ice/Summ       75%        N/A       1%          4
 Summon Lightning Spire   Summ/Air       99%        N/A       1%          4
 Agony                    Necr           100%       N/A       1%          5
 Bolt of Magma            Conj/Fire/Erth 45%        4d19      1%          5
 Excruciating Wounds      Necr           71%        N/A       1%          5
 Fireball                 Conj/Fire      46%        3d18      1%          5
 Irradiate                Conj/Tmut      55%        3d32      1%          5
 Lee's Rapid Deconstruct  Erth           45%        3d23*     1%          5
 Lightning Bolt           Conj/Air       56%        1d78      1%          5
 Summon Forest            Summ/Tloc      49%        N/A       1%          5
 Blade Hands              Tmut           49%        N/A       1%          6
 Conjure Ball Lightning   Conj/Air       56%        3x3d20    1%          6
 Death Channel            Necr           71%        N/A       1%          6
 Dispersal                Tloc           50%        N/A       1%          6
 Iron Shot                Conj/Erth      53%        9d10      1%          6
 Silence                  Hex/Air        40%        N/A       2%          5
 Freezing Cloud           Conj/Ice/Air   48%        6-21      2%          6
 Shadow Creatures         Summ           N/A        N/A       2%          6
 Statue Form              Tmut/Erth      63%        N/A       2%          6
 Haunt                    Necr/Summ      65%        N/A       2%          7
 Spellforged Servitor     Conj/Summ      54%        N/A       2%          7
 Confusing Touch          Hex            46%        N/A       3%          3
 Frozen Ramparts          Ice            92%        1d11      3%          3
 Inner Flame              Hex/Fire       46%        N/A       3%          3
 Ozocubu's Armour         Ice            46%        N/A       3%          3
 Tukima's Dance           Hex            46%        N/A       3%          3
 Alistair's Intoxication  Tmut/Pois      52%        N/A       3%          5
 Yara's Violent Unravell  Hex/Tmut       39%        3d16      3%          5
 Starburst                Conj/Fire      46%        8x6d13    3%          6
 Simulacrum               Ice/Necr       56%        N/A       4%          6
 Borgnjor's Revivificati  Necr           71%        N/A       4%          8
 Infestation              Necr           71%        N/A       4%          8
 Dragon Form              Tmut           49%        N/A       9%          7
 Malign Gateway           Summ/Tloc      49%        N/A       9%          7
 Cause Fear               Hex            23%        N/A       12%         4
 Olgreb's Toxic Radiance  Pois           46%        N/A       12%         4
 Monstrous Menagerie      Summ           48%        N/A       13%         7
 Summon Hydra             Summ           48%        N/A       13%         7
 Eringya's Noxious Bog    Tmut/Pois      39%        N/A       17%         6
 Lehudib's Crystal Spear  Conj/Erth      53%        10d12     24%         8
 Metabolic Englaciation   Hex/Ice        23%        N/A       32%         5
 Disjunction              Tloc           50%        N/A       45%         8
 Death's Door             Necr           71%        N/A       54%         9
 Summon Horrible Things   Summ           48%        N/A       69%         8
 Invisibility             Hex            46%        N/A       87%         6
 Tornado                  Air            51%        N/A       99%         9
 Ozocubu's Refrigeration  Ice            23%        4d9       100%        7
 Discord                  Hex            23%        N/A       100%        8
 Ignition                 Fire           23%        3d8       100%        8
 Absolute Zero            Ice            23%        ∞         100%        9
 Fire Storm               Conj/Fire      46%        8d12      100%        9
 Shatter                  Erth           45%        3d35*     100%        9


Dungeon Overview and Level Annotations

Branches:
Dungeon (15/15)            Temple (1/1) D:4            Lair (6/6) D:8
  Swamp (4/4) Lair:4       Spider (4/4) Lair:3        Slime (5/5) Lair:5
    Orc (2/2) D:11            Elf (3/3) Orc:2        Vaults (5/5) D:14
  Crypt (3/3) Vaults:3       Tomb (0/3) Crypt:3      Depths (5/5) D:15
   Hell (visited)             Dis (0/7) Hell            Geh (7/7) Hell
    Coc (0/7) Hell            Tar (0/7) Hell            Zot (5/5) Depths:5
 Bailey (visited)           IceCv (visited)         Gauntlet (visited)

Altars:
Ashenzari
Cheibriados
Dithmenos
Elyvilon
Fedhas
Gozag
Hepliaklqana
Kikubaaqudgha
Makhleb
Okawaru
Qazlal
Ru
Sif Muna
Trog
Uskayaw
Vehumet
Wu Jian
Xom
Yredelemnul
Zin
The Shining One
Beogh
Jiyva

Shops:
D:2 [[!   D:6 *   D:15 [   Orc:1 *(:?   Orc:2 [[([   Elf:1 :   Elf:3 ?
Vaults:1 *(=([   Vaults:3 =   Depths:2 [!*   Depths:5 ?![

Portals:
Hell: Lair:6 Depths:1 Depths:2 Depths:3 Depths:4 Depths:5
Abyss: Depths:4
Pandemonium: Depths:3
Ziggurat: Depths:3

Annotations:
D:4 exclusion: statue
Lair:6 1 runed translucent door, boysha's ghost, journeyman DjWr
Elf:2 3 runed translucent doors
Vaults:1 2 transporters
Zot:3 1 runed translucent door, Ahaosch's ghost, legendary MiFi
Zot:5 exclusion: Orb Guardian


Innate Abilities, Weirdness & Mutations

You are an undead lich.
Your unarmed attacks are suffused with negative energy.
You are immune to unholy pain and torment.
Your necromantic spells are more powerful.
You are immune to poison.
You cannot drink.
You have a pair of large horns on your head.
You are surrounded by a strong repulsion field. (EV +4, RMsl)
A meltable icy envelope protects you from harm. (AC +8)
You are extremely robust. (+30% HP)
When hurt, damage is shared between your health and your magic reserves.
You regenerate magic rapidly.
When low on magic, you restore magic in place of health.
A meltable shield of frost defends you. (SH +4)
You are strong-willed. (Will+)
You are sometimes teleported next to monsters.


Message History

You slice the ynoxinul!!
You kill the ynoxinul!
Cheibriados thoroughly appreciates the change of pace.
The ufetubus disappears in a puff of smoke! x3
You are engulfed in seething chaos.
You resist with almost no effort.
Nothing appears to happen.
Unknown command.
Unknown command.
No target in view!
There is a gateway leading out of the Abyss here.
You pass through the gate.
Welcome back to the Depths!
There is a one-way gate to the infinite horrors of the Abyss here.
You start resting.
Magic restored.
You start waiting.
Your transformation is almost over.
Unknown command.
Unknown command.
Done exploring.
Unknown command.
Done exploring.
Done exploring.
Done exploring.
Done exploring.
Done exploring.
(D) Dungeon (T) Temple (L) Lair (S) Swamp (N) Spider Nest (M) Slime Pits (O) Orcish Mines (E) Elven Halls (V) Vaults (C) Crypt (W) Tomb (U) Depths (H) Hell (I) Dis (G) Gehenna (X) Cocytus (Y) Tartarus (Z) Zot
Where to? (? - help)
Okay, then.
Unknown command.
Save game and exit?
Welcome back, Morbidden the Demonspawn Necromancer.
Cheibriados says: Take it easy.
Press ? for a list of commands and other information.
Unknown command.
Are you sure you want to abandon this character and quit the game? (Confirm with "yes".)

#..#......#..#......#..#......#..
#...#....#....#....#....#....#...
#....#..#......#..#......#..#....
#.....##........##...(....##.....
#.....##........##........##.....
#....#..#......#..#......#..#....
#...#!...#....#..!∩#....#....#...
...#......#..#......#..#......#..
#.#.............L....##[..[....##
##..............)....##........##
.............#......#..#......#..
..............#...[#....#..[.#...
[..............#..#.))...#).#....
[.....#.........##........##.†...
.[........^.....##........##.....
#.......#......#..#......#..#....
#)............#..(.#....#....#...


There were no monsters in sight!

Vanquished Creatures
  Asmodeus (Geh:7)
  An orb of fire (Zot:3)
  Tiamat (Zot:3)
  3 ancient liches
  4 dread liches
  Mennas (Crypt:2)
  A juggernaut (Depths:2)
  Mara (Depths:3)
  Sojobo (Depths:3)
  2 curse toes
  Xtahua (Vaults:5)
  Geryon (Hell)
  The ghost of Eluum the Fencer, a veteran GnWn of Qazlal (Depths:1)
  Arachne (Spider:2)
  6 golden dragons
  A profane servitor (Abyss:4)
  A bone dragon (Abyss:3)
  47 Brimstone Fiends
  An electric golem (Zot:3)
  Jorgrun (Elf:1)
  A Hell Sentinel (Geh:4)
  23 tentacled monstrosities
  An Ice Fiend (IceCv)
  19 liches
  A titan (Vaults:5)
  3 Orb Guardians (Zot:5)
  4 quicksilver dragons
  2 deep elf master archers (Elf:3)
  3 deep elf blademasters (Elf:3)
  4 ancient champions
  20 acid blobs
  Frances (Spider:2)
  5 death cobs
  5 sphinxes
  Gastronok (Lair:1)
  6 tengu reavers
  3 thorn hunters (Swamp:4)
  An Executioner (Abyss:3)
  12 shadow dragons
  3 tentacled starspawn
  15 storm dragons
  A revenant (Crypt:1)
  Kirke (Spider:4)
  7 draconian monks
  17 rockslimes
  Donald (Vaults:3)
  7 azure jellies
  22 vault wardens
  6 fire giants
  4 orc warlords
  10 draconian scorchers
  12 deep elf sorcerers
  15 frost giants
  9 ghost moths
  6 curse skulls
  6 iron dragons
  7 draconian knights
  The ghost of Rithrew the Carver, a journeyman DsFi of Okawaru (Spider:3)
  16 ghouls
  6 emperor scorpions
  18 balrugs
  A spectral juggernaut (Depths:1)
  7 draconian shifters
  22 reapers
  5 war gargoyles
  4 draconian stormcallers
  16 ironbound preservers
  2 caustic shrike skeletons
  The ghost of 4Hooves2Appendages the Nimble, an adept SpFE of Nemelex Xobeh (Spider:2)
  2 spriggan defenders (Depths:5)
  2 deep elf elementalists (Elf:3)
  19 stone giants
  13 quicksilver oozes
  27 very ugly things
  11 vampire knights
  7 draconian annihilators
  14 green draconians
  6 deep elf annihilators
  15 red draconians
  Nessos (Lair:4)
  A lorocyproca (Hell)
  4 deep elf demonologists (Elf:3)
  The ghost of Tetteh the Carver, a journeyman DrBe of Trog (Lair:5)
  9 dire elephants
  3 entropy weavers
  9 bunyips
  14 black draconians
  18 white draconians
  12 purple draconians
  12 eidola
  10 yellow draconians
  2 merfolk javelineers
  7 spark wasps
  3 shambling mangroves
  11 deep elf death magi
  20 ettins
  5 crystal guardians
  A mummy priest (Crypt:3)
  A merfolk impaler (Depths:4)
  11 fire dragons
  2 blizzard demons (Hell)
  5 quicksilver dragon zombies
  3 eleionomae
  24 yaktaur captains
  9 deep elf high priests
  8 ironbound thunderhulks
  Fannar (Lair:2)
  4 boulder beetles
  5 rakshasas
  24 hydras
  18 great orbs of eyes
  A monstrous demonspawn (Depths:3)
  17 jiangshi
  16 ice dragons
  8 quicksilver dragon skeletons
  A great orb of eyes (shapeshifter) (Vaults:5)
  33 vault guards
  3 ogre magi
  2 peacekeepers (Vaults:1)
  A ghost crab (Spider:3)
  2 juggernaut simulacra (Depths:1)
  3 hell beasts
  9 alligators
  A death knight (Crypt:1)
  6 ironbound frosthearts
  14 centaur warriors
  6 spriggan air magi
  25 dancing weapons
  A satyr (Abyss:3)
  An anaconda (shapeshifter) (Vaults:5)
  8 deep troll earth magi
  A two-headed ogre (shapeshifter) (Depths:2)
  15 two-headed ogres
  7 deep troll shamans
  7 tengu warriors
  3 titan zombies
  6 ironbound beastmasters
  7 vampire magi
  4 orc high priests
  6 spriggan berserkers
  55 hell hogs
  15 thrashing horrors
  An iron golem (Geh:3)
  11 soul eaters
  3 wretched stars
  5 titan skeletons
  9 spriggans
  84 hell knights
  19 deep elf knights
  19 sun demons
  Sonja (Lair:3)
  2 sixfirhies
  A shadow wraith (Vaults:5)
  5 goliath frogs
  A quicksilver dragon simulacrum (Depths:3)
  15 skeletal warriors
  7 anaconda zombies
  7 iron trolls
  3 storm dragon skeletons
  3 golden dragon zombies
  A gelid demonspawn (Depths:3)
  37 deep trolls
  3 spriggan druids
  8 flayed ghosts
  A ghost moth zombie (Geh:4)
  18 swamp dragons
  5 shadow dragon zombies
  17 phantasmal warriors
  4 glowing orange brains
  11 ironbound convokers
  15 starcursed masses
  12 deep elf archers
  8 wizards
  4 golden dragon skeletons
  12 orc knights
  11 bog bodies
  44 necromancers
  7 wolf spider zombies
  34 deep elf zephyrmancers
  A mana viper (Abyss:3)
  2 shadow dragon skeletons
  28 deep elf pyromancers
  4 anaconda skeletons
  3 stone giant zombies
  20 orb spiders
  4 lindwurms
  A salamander (Depths:3)
  3 shining eyes
  37 wolf spiders
  7 orc sorcerers
  4 frost giant zombies
  39 ugly things
  12 fire giant zombies
  6 cyclopes
  5 iron dragon zombies
  8 manticores
  2 will-o-the-wisps
  A salamander (shapeshifter) (Elf:3)
  14 elephants
  5 iron dragon skeletons
  3 black mambas
  9 fire giant skeletons
  10 dire elephant zombies
  A black mamba (shapeshifter) (D:10)
  9 rust devils
  20 moths of wrath
  8 stone giant skeletons
  A guardian serpent (Abyss:3)
  17 smoke demons
  18 vault sentinels
  An eye of devastation (Slime:4)
  A torpor snail (Lair:2)
  2 ice statues (Hell)
  2 apocalypse crabs
  3 shock serpent skeletons
  2 orange demons
  16 cane toads
  10 large abominations
  A cane toad (shapeshifter) (Elf:3)
  5 dire elephant skeletons
  23 molten gargoyles
  10 frost giant skeletons
  2 gargoyles
  2 emperor scorpion zombies
  31 hellions
  2 pale draconian zombies (Crypt:1)
  Maggie (Lair:2)
  12 komodo dragons
  2 rime drakes (Lair:6)
  A catoblepas zombie (Geh:3)
  38 yaktaurs
  11 efreet
  A green draconian skeleton (Crypt:1)
  2 anaconda simulacra (IceCv)
  9 hydra zombies
  11 ice devils
  16 freezing wraiths
  5 tengu conjurers
  44 red devils
  15 hellwings
  8 ancient zymes
  A merfolk (D:15)
  16 tormentors
  3 trolls
  A harpy zombie (Geh:7)
  12 demonic crawlers
  A catoblepas skeleton (Crypt:1)
  A troll (shapeshifter) (Vaults:5)
  39 jumping spiders
  A meliai (shapeshifter) (Abyss:2)
  17 tyrant leeches
  A wolf spider simulacrum (IceCv)
  A bloated husk (Swamp:2)
  A human zombie (Vaults:2)
  A jumping spider (shapeshifter) (Vaults:5)
  A tengu simulacrum (Depths:3)
  A pale draconian skeleton (Crypt:2)
  80 slime creatures
  6 fire dragon zombies
  4 ice dragon zombies
  9 blink frogs
  9 raiju
  A snapping turtle (shapeshifter) (Vaults:5)
  27 hornets
  4 hydra skeletons
  7 ettin zombies
  5 harpy skeletons
  55 flying skulls
  5 alligator zombies
  2 black mamba zombies
  9 ettin skeletons
  A satyr skeleton (Crypt:1)
  17 shadows
  75 redbacks
  3 alligator skeletons
  5 fire dragon skeletons
  23 tarantellas
  5 air elementals
  13 water elementals
  7 ice dragon skeletons
  2 elf zombies (Depths:3)
  57 wraiths
  2 wyverns (D:8)
  A dire elephant simulacrum (IceCv)
  2 ynoxinuls
  9 fire bats
  A hog (Spider:4)
  An ushabti (Crypt:3)
  A neqoxec (Abyss:3)
  4 golden eyes (Slime:4)
  4 basilisks
  8 chaos spawn
  58 fire elementals
  A death yak simulacrum (IceCv)
  66 yaks
  3 black mamba skeletons
  A spriggan simulacrum (Depths:3)
  5 steam dragons
  17 vampire mosquitoes
  5 wargs
  2 harpy simulacra (IceCv)
  13 swamp worms
  3 merfolk zombies
  2 acid dragons
  4 iron troll simulacra (IceCv)
  15 water moccasins
  A floating eye (Depths:4)
  A human simulacrum (Vaults:2)
  5 hydra simulacra (IceCv)
  3 cane toad zombies
  54 hell hounds
  9 swamp drakes
  4 black bears
  50 orc warriors
  2 ice beasts
  An ettin simulacrum (IceCv)
  A manticore zombie (Geh:1)
  2 snapping turtle zombies
  An elephant zombie (Crypt:1)
  2 sky beasts
  13 necrophages
  22 wolves
  5 boggarts (Vaults:1)
  A dream sheep zombie (Crypt:2)
  5 ogres
  2 cane toad skeletons
  2 swamp dragon zombies
  13 centaurs
  A swamp dragon skeleton (Geh:4)
  A manticore skeleton (Geh:6)
  8 snapping turtle skeletons
  7 phantoms
  7 small abominations
  2 kobold brigands
  A draconian zombie (Crypt:1)
  A hog skeleton (Crypt:2)
  12 bullfrogs
  3 gnoll sergeants
  5 earth elementals
  2 wyvern zombies
  9 scorpions
  A water moccasin zombie (Crypt:2)
  7 wyvern skeletons
  A troll zombie (Geh:7)
  2 spriggan zombies
  14 killer bees
  A troll skeleton (Geh:1)
  91 wights
  An electric eel (Spider:3)
  A spriggan skeleton (Geh:7)
  2 howler monkeys
  3 centaur zombies
  6 crimson imps
  A quasit (Abyss:4)
  4 draconian simulacra (IceCv)
  24 orc priests
  A bullfrog zombie (D:6)
  3 hounds
  A bullfrog skeleton (D:5)
  A centaur skeleton (D:6)
  A scorpion zombie (Crypt:1)
  27 orc wizards
  7 hell rats
  A wolf simulacrum (IceCv)
  A troll simulacrum (IceCv)
  A centaur simulacrum (IceCv)
  An acid dragon skeleton (Crypt:2)
  2 ogre skeletons
  A tengu skeleton (Geh:1)
  2 mummies (Crypt:3)
  A hound skeleton (D:4)
  A howler monkey zombie (D:10)
  30 gnolls
  8 adders
  2 naga simulacra (IceCv)
  2 ogre simulacra (IceCv)
  A steam dragon zombie (Crypt:2)
  A shadow imp (D:5)
  7 white imps (IceCv)
  3 ufetubi (IceCv)
  2 worms (D:4)
  3 dart slugs (D:1)
  120 orcs
  2 endoplasms (D:2)
  4 giant cockroaches
  19 hobgoblins
  6 jackals (D:3)
  2 quokkas
  6 ball pythons
  6 bats
  2 frilled lizards (D:1)
  A frilled lizard skeleton (Crypt:2)
  28 goblins
  16 kobolds
  A kobold zombie (Geh:4)
  An orc skeleton (Geh:1)
  An orc zombie (Geh:4)
  7 rats
  A rat skeleton (Crypt:2)
  A spectral orc (D:5)
  2 lurking horrors
  3 starspawn tentacles
  A withered plant (Crypt:3)
3652 creatures vanquished.

Vanquished Creatures (collateral kills)
  the Royal Jelly (Slime:5)
  Frederick (Vaults:2)
  2 acid blobs (Slime:5)
  A minotaur (Gauntlet)
  Erolcha (D:12)
  A centaur warrior (Vaults:1)
  A necromancer (Hell)
  A cyclops (D:12)
  A fire giant skeleton (Hell)
  A centaur zombie (D:10)
  A red devil (Hell)
  An ice beast (D:6)
  A centaur (D:8)
  A wight (D:7)
  2 orc wizards
  A tengu zombie (Hell)
  A shadow imp (D:7)
  5 orcs
  2 goblins (Bailey)
26 creatures vanquished.

Vanquished Creatures (others)
  A lich (Vaults:4)
  A storm dragon (Depths:5)
  A fire giant (Depths:3)
  A very ugly thing (Vaults:5)
  A black draconian (Zot:1)
  An alligator (Swamp:1)
  3 hell hogs
  A deep elf knight (Elf:1)
  A sun demon (Abyss:4)
  An orb spider (Spider:2)
  A rust devil (Hell)
  A yaktaur (Vaults:2)
  A bloated husk (Swamp:1)
  3 flying skulls
  A human (Spider:4)
  An ice dragon skeleton (Geh:3)
  A vampire mosquito (Swamp:1)
  3 hell hounds
  An orc warrior (Elf:1)
  A wight (Geh:1)
  An orc priest (Elf:1)
  3 orc wizards
  A tengu zombie (Geh:7)
  An adder (D:2)
  An ufetubus (IceCv)
  An orc (Orc:1)
  A kobold (D:8)
  A kobold skeleton (Geh:4)
  14 demonic plants (Gauntlet)
  5 foxfires (Swamp:4)
  35 fungi
  2 lurking horrors (Abyss:4)
  75 plants
  4 starspawn tentacles
  27 withered plants
198 creatures vanquished.

Grand Total: 3876 creatures vanquished

Notes
Turn   | Place    | Note
-------+----------+-------------------------------------------
     0 | D:1      | Morbidden the Demonspawn Necromancer began the quest for
                  | the Orb.
     0 | D:1      | Reached XP level 1. HP: 13/13 MP: 3/3
   433 | D:1      | Gained mutation: A meltable shield of frost defends you.
                  | (SH +4) [demonic ancestry]
   433 | D:1      | Reached XP level 2. HP: 17/19 MP: 3/5
  1261 | D:1      | Reached skill level 5 in Necromancy
  1419 | D:1      | Reached XP level 3. HP: 21/24 MP: 2/6
  1423 | D:1      | Learned a level 3 spell: Vampiric Draining
  1996 | D:2      | Found Niehuun's Distillery.
  2181 | D:2      | Found Nifrinun's Antique Armour Shop.
  2678 | D:2      | Reached XP level 4. HP: 28/31 MP: 5/7
  2843 | D:2      | Found Cenna's Antique Armour Shop.
  3115 | D:3      | Found a stormy altar of Qazlal.
  3123 | D:3      | Reached skill level 1 in Short Blades
  3670 | D:3      | Found a shimmering blue altar of Sif Muna.
  4044 | D:4      | Noticed a scorpion
  4057 | D:4      | Killed a scorpion
  4058 | D:4      | Reached skill level 3 in Spellcasting
  4058 | D:4      | Gained mutation: You are surrounded by a mild repulsion
                  | field. (EV +2) [demonic ancestry]
  4058 | D:4      | Reached XP level 5. HP: 28/36 MP: 2/9
  4060 | D:4      | Reached skill level 1 in Fighting
  4359 | D:4      | Found an ornate altar of the Wu Jian Council.
  4362 | D:4      | Found a broken altar of Ashenzari.
  4634 | D:4      | Gained mutation: A meltable icy envelope protects you from
                  | harm. (AC +8) [demonic ancestry]
  4634 | D:4      | Reached XP level 6. HP: 24/44 MP: 2/10
  4876 | D:4      | Found a radiant altar of Vehumet.
  5103 | D:4      | Found a staircase to the Ecumenical Temple.
  5237 | D:4      | Noticed a moth of wrath
  5239 | D:4      | Found a bloodstained altar of Trog.
  5347 | Temple   | Entered the Ecumenical Temple
  5442 | Temple   | Became a worshipper of Cheibriados the Contemplative
  5599 | D:2      | Bought a runed buckler for 195 gold pieces
  6205 | D:4      | Learned a level 3 spell: Call Canine Familiar
  6221 | D:5      | Entered Level 5 of the Dungeon
  6272 | D:5      | Reached XP level 7. HP: 37/50 MP: 12/12
  6685 | D:5      | Reached skill level 4 in Spellcasting
  6806 | D:5      | Found a basalt altar of Yredelemnul.
  7257 | D:5      | Reached skill level 1 in Invocations
  7573 | D:6      | Reached skill level 1 in Armour
  7743 | D:6      | Found Elats's Assorted Antiques.
  7821 | D:5      | Reached * piety under Cheibriados
  7822 | D:5      | Reached skill level 1 in Shields
  7822 | D:5      | Reached skill level 1 in Summonings
  7847 | D:5      | Reached skill level 1 in Long Blades
  7863 | D:5      | Reached XP level 8. HP: 43/57 MP: 14/14
  8225 | D:5      | Identified the Disquisition on Congealing Flight
  9016 | D:6      | Learned a level 2 spell: Searing Ray
  9280 | D:6      | Reached skill level 1 in Conjurations
 10105 | D:7      | Reached ** piety under Cheibriados
 10111 | D:7      | Gained mutation: You are surrounded by a moderate repulsion
                  | field. (EV +3) [demonic ancestry]
 10111 | D:7      | Reached XP level 9. HP: 64/64 MP: 3/16
 10513 | D:7      | Reached skill level 5 in Spellcasting
 10546 | D:7      | Noticed a red ugly thing
 11067 | D:7      | Learned a level 4 spell: Iskenderun's Mystic Blast
 11077 | D:7      | Found a shimmering altar of Xom.
 11079 | D:7      | Found a hazy altar of Hepliaklqana.
 11080 | D:7      | Noticed a spectral ugly thing
 11359 | D:7      | Reached skill level 1 in Translocations
 11401 | D:7      | Reached *** piety under Cheibriados
 12004 | D:8      | Reached XP level 10. HP: 72/72 MP: 18/18
 12258 | D:8      | Reached **** piety under Cheibriados
 12445 | D:8      | Found a staircase to the Lair.
 12588 | D:8      | Reached skill level 5 in Long Blades
 12725 | D:8      | Found an opulent altar of Gozag.
 13157 | D:9      | Reached skill level 6 in Spellcasting
 13166 | D:9      | Reached skill level 5 in Invocations
 13310 | D:9      | Reached ***** piety under Cheibriados
 13469 | D:9      | Noticed a two-headed ogre
 13475 | D:9      | Killed a two-headed ogre
 13476 | D:9      | Gained mutation: You are surrounded by a strong repulsion
                  | field. (EV +4, RMsl) [demonic ancestry]
 13476 | D:9      | Reached XP level 11. HP: 78/78 MP: 15/20
 13795 | D:10     | Entered Level 10 of the Dungeon
 13910 | D:10     | Noticed a harpy
 13912 | D:10     | Noticed a red ugly thing
 13914 | D:10     | a harpy changed into a black mamba
 13922 | D:10     | Killed a red ugly thing
 14213 | D:10     | Noticed a two-headed ogre
 14224 | D:10     | Killed a two-headed ogre
 14225 | D:10     | Reached skill level 5 in Fighting
 14359 | D:10     | Noticed a two-headed ogre
 14366 | D:10     | Killed a two-headed ogre
 14367 | D:10     | Reached skill level 7 in Spellcasting
 14579 | D:7      | Killed a red ugly thing
 14938 | D:10     | Noticed a centaur warrior
 14946 | D:9      | Killed a centaur warrior
 15370 | D:10     | Noticed an orc knight
 15379 | D:10     | Killed an orc knight
 15380 | D:10     | Reached skill level 5 in Summonings
 15444 | D:10     | Noticed a boulder beetle
 15467 | D:10     | Killed a boulder beetle
 15654 | D:10     | Identified the Incunabulum of Noxious Battle Magic
 15685 | D:10     | Reached skill level 5 in Dodging
 15697 | D:10     | Gained mutation: You have a pair of small horns on your
                  | head. [demonic ancestry]
 15697 | D:10     | Reached XP level 12. HP: 84/86 MP: 23/23
 15728 | D:10     | Noticed a centaur warrior
 15736 | D:10     | Killed a centaur warrior
 15737 | D:10     | Reached skill level 5 in Conjurations
 15882 | D:10     | Found a burning altar of Makhleb.
 16200 | D:11     | Found a gate leading to a gauntlet.
 16217 | Gauntlet | Entered a Gauntlet
 16217 | Gauntlet | Found a transporter.
 16217 | Gauntlet | Found a transporter.
 16223 | Gauntlet | Found a transporter.
 16235 | Gauntlet | Found a transporter.
 16253 | Gauntlet | Found a transporter.
 16253 | Gauntlet | Found a transporter.
 16255 | Gauntlet | Found a transporter.
 16255 | Gauntlet | Found a transporter.
 16256 | Gauntlet | Found a transporter.
 16257 | Gauntlet | Noticed a catoblepas
 16265 | Gauntlet | Found a runed translucent gate.
 16265 | Gauntlet | Found a runed translucent gate.
 16265 | Gauntlet | Found a runed translucent gate.
 16267 | Gauntlet | Found a transporter.
 16283 | Gauntlet | Found a transporter.
 16293 | Gauntlet | Found a transporter.
 16293 | Gauntlet | Noticed a dire elephant
 16307 | Gauntlet | Found a transporter.
 16328 | Gauntlet | Found a transporter.
 16402 | Gauntlet | Identified the ring "Qafo Jis" {rF+ rCorr Int+4 Slay+3}
 16439 | Gauntlet | Paralysed by you for 3 turns
 16899 | Gauntlet | Identified the ring of Gutif {Wiz rCorr Str+4}
 16903 | Gauntlet | Noticed a minotaur
 16913 | Gauntlet | Killed a minotaur
 17285 | D:11     | Noticed a two-headed ogre
 17294 | D:11     | Killed a two-headed ogre
 17295 | D:11     | Reached skill level 8 in Spellcasting
 17307 | D:11     | Reached ****** piety under Cheibriados
 17544 | D:11     | Found a staircase to the Orcish Mines.
 17746 | D:11     | Noticed a two-headed ogre
 17753 | D:11     | Killed a two-headed ogre
 18174 | D:12     | Noticed a two-headed ogre
 18184 | D:12     | Killed a two-headed ogre
 18191 | D:12     | Noticed Erolcha
 18197 | D:12     | Killed Erolcha
 18258 | D:12     | Noticed a two-headed ogre
 18260 | D:12     | Noticed a six-headed hydra
 18274 | D:12     | Killed a two-headed ogre
 18275 | D:12     | Reached XP level 13. HP: 94/94 MP: 2/25
 18310 | D:12     | Found a flagged portal.
 18323 | Bailey   | Entered a bailey
 18554 | Bailey   | Noticed an orc warlord
 18567 | Bailey   | Killed an orc warlord
 18568 | Bailey   | Reached skill level 5 in Shields
 18583 | Bailey   | Identified the +9 hunting sling "Wevup" {freeze, Dex+4
                  | Stlth+}
 18591 | Bailey   | Gained mutation: You regenerate magic rapidly. [demonic
                  | ancestry]
 18591 | Bailey   | Reached XP level 14. HP: 68/101 MP: 22/26
 18605 | Bailey   | Reached XP level 15. HP: 83/114 MP: 27/27
 19859 | D:12     | Reached skill level 1 in Throwing
 20203 | Lair:1   | Entered Level 1 of the Lair of Beasts
 20424 | Lair:1   | Noticed Gastronok
 20444 | Lair:1   | Killed Gastronok
 20445 | Lair:1   | Reached skill level 1 in Slings
 21564 | Lair:2   | Noticed Fannar
 21612 | Lair:2   | Killed Fannar
 22217 | Lair:2   | Noticed Maggie
 22222 | Lair:2   | Killed Maggie
 22453 | Lair:2   | Reached skill level 10 in Fighting
 22567 | Lair:3   | Noticed Sonja
 22576 | Lair:3   | Killed Sonja
 22913 | Lair:3   | Found a hole to the Spider Nest.
 22923 | Lair:3   | Reached skill level 9 in Spellcasting
 23395 | Lair:3   | Learned a level 5 spell: Borgnjor's Vile Clutch
 23428 | Lair:4   | Found a staircase to the Swamp.
 23591 | Lair:4   | Reached skill level 1 in Earth Magic
 23728 | Lair:4   | Noticed Nessos
 23732 | Lair:4   | Killed Nessos
 24841 | Lair:5   | Found a runed translucent door.
 24841 | Lair:5   | Noticed Tetteh's ghost (journeyman DrBe)
 24846 | Lair:5   | Found a viscous altar of Jiyva.
 24846 | Lair:5   | Found a staircase to the Slime Pits.
 24927 | Lair:5   | Reached XP level 16. HP: 121/122 MP: 10/29
 25358 | Lair:6   | Entered Level 6 of the Lair of Beasts
 25789 | Lair:6   | Reached skill level 10 in Spellcasting
 26569 | Lair:6   | Reached skill level 10 in Invocations
 26842 | Lair:6   | Found a burning altar of Makhleb.
 26849 | Lair:6   | Found a gateway to Hell.
 26917 | Lair:6   | Found a runed translucent door.
 26921 | Lair:6   | Noticed boysha's ghost (journeyman DjWr)
 26925 | Lair:6   | Identified the +10 trident "Ipridynk" {vorpal, *Rage +Blink
                  | Str+7}
 27896 | D:13     | Identified a scroll of acquirement
 27898 | D:13     | Acquired a +3 antimagic double sword
 28895 | D:14     | Reached skill level 10 in Necromancy
 29249 | D:14     | Found a gate to the Vaults.
 29585 | D:15     | Entered Level 15 of the Dungeon
 29843 | D:15     | Found a staircase to the Depths.
 30166 | D:15     | Found an ancient bone altar of Kikubaaqudgha.
 30274 | D:15     | Found Tatosiw's Armour Boutique.
 30533 | D:15     | Found a shimmering altar of Xom.
 30658 | Orc:1    | Entered Level 1 of the Orcish Mines
 30699 | Orc:1    | Found Dial Hak's Magic Scroll Boutique.
 30704 | Orc:1    | You fall into a shaft and drop 1 floor!
 30704 | Orc:2    | Entered Level 2 of the Orcish Mines
 30718 | Orc:1    | Found Hypapluw's Book Shop.
 30804 | Orc:1    | Bought a scroll of acquirement for 624 gold pieces
 30806 | Orc:1    | Acquired 824 gold pieces
 30835 | Orc:1    | Gained mutation: When hurt, damage is shared between your
                  | health and your magic reserves. [demonic ancestry]
 30835 | Orc:1    | Reached XP level 17. HP: 129/129 MP: 22/31
 30907 | Orc:1    | Found Qiyh's General Store.
 31162 | Orc:1    | Found Pyezaarph's Weapon Shop.
 31424 | Orc:2    | Found a staircase to the Elven Halls.
 31774 | Orc:2    | Found Ilor Pokk's Armour Shop.
 32213 | Orc:2    | Found Vawehu's Antique Weapon Shop.
 32219 | Orc:2    | Found Niek's Antique Armour Boutique.
 32576 | Orc:2    | Found Baupocig's Armour Boutique.
 32728 | Orc:2    | Bought a pair of embroidered boots for 180 gold pieces
 32738 | Orc:2    | Bought the +4 moon troll leather armour {Spirit, Regen++
                  | MP+5} for 1308 gold pieces
 32738 | Orc:2    | Found the +4 moon troll leather armour {Spirit, Regen++
                  | MP+5}
 32752 | Orc:2    | Bought a masterwork buckler for 228 gold pieces
 32752 | Orc:2    | Identified the +0 buckler of Novyv {rElec rPois} (You
                  | bought it in a shop on level 2 of the Orcish Mines)
 33012 | Swamp:1  | Entered Level 1 of the Swamp
 33045 | Swamp:1  | Acquired an amulet of regeneration
 34532 | Swamp:3  | Reached skill level 11 in Spellcasting
 34803 | Swamp:3  | Reached skill level 5 in Earth Magic
 35271 | Swamp:4  | Entered Level 4 of the Swamp
 35340 | Swamp:4  | Reached skill level 5 in Slings
 35705 | Swamp:4  | Reached skill level 5 in Stealth
 36118 | Swamp:4  | Gained mutation: You have a pair of horns on your head.
                  | [demonic ancestry]
 36118 | Swamp:4  | Reached XP level 18. HP: 138/138 MP: 33/33
 36378 | Swamp:4  | Identified the +10 rapier "Neereemyo" {vorpal, rN+}
 36969 | Swamp:4  | Got a decaying rune of Zot
 37690 | Vaults:1 | Entered Level 1 of the Vaults
 38215 | Vaults:1 | Found Qoxur's Armour Boutique.
 38227 | Vaults:1 | Identified the +0 kite shield of Awe {Dex+7}
 38257 | Vaults:1 | Bought a +0 pair of gloves of archery for 230 gold pieces
 38301 | Vaults:1 | Found Reucurou's Antique Weapon Boutique.
 38328 | Vaults:1 | Cast into level 3 of the Abyss (a wizard)
 39026 | Abyss:3  | Noticed a bone dragon
 39046 | Abyss:3  | Killed a bone dragon
 39059 | Vaults:1 | Escaped the Abyss
 39083 | Vaults:1 | Reached skill level 10 in Conjurations
 39128 | Vaults:1 | Reached skill level 12 in Spellcasting
 39273 | Vaults:1 | Found a transporter.
 39317 | Vaults:1 | Found a transporter.
 39615 | Vaults:1 | Found Bontee's Jewellery Emporium.
 39819 | Vaults:1 | Found Rogap's Antique Weapon Emporium.
 40006 | Vaults:1 | Gained mutation: You are robust. (+10% HP) [demonic
                  | ancestry]
 40006 | Vaults:1 | Reached XP level 19. HP: 85/160 MP: 1/35
 40571 | Vaults:1 | Found Zivoatej's Assorted Antiques.
 41370 | Vaults:2 | Noticed Frederick
 41382 | Vaults:2 | Killed Frederick
 41383 | Vaults:2 | Reached skill level 1 in Evocations
 41685 | Vaults:2 | Paralysed by a sphinx for 3 turns
 41734 | Vaults:2 | Reached skill level 10 in Dodging
 41925 | Vaults:2 | Paralysed by a great orb of eyes for 7 turns
 42356 | Vaults:3 | Noticed Donald
 42366 | Vaults:3 | Paralysed by a sphinx for 3 turns
 42369 | Vaults:3 | Killed Donald
 42649 | Vaults:3 | Found Toetus's Jewellery Shop.
 42928 | Vaults:3 | Gained mutation: You have a pair of large horns on your
                  | head. [demonic ancestry]
 42928 | Vaults:3 | Reached XP level 20. HP: 168/168 MP: 26/36
 43025 | Vaults:3 | Reached skill level 13 in Spellcasting
 43161 | Vaults:3 | Found a staircase to the Crypt.
 43177 | Vaults:3 | Found a portal to a secret trove of treasure.
 44109 | Vaults:4 | Reached skill level 5 in Armour
 44156 | Vaults:4 | Reached skill level 10 in Summonings
 45154 | Elf:1    | Entered Level 1 of the Elven Halls
 45193 | Elf:1    | Noticed Jorgrun
 45199 | Elf:1    | Killed Jorgrun
 45211 | Elf:1    | Found Ittipnyc's Book Boutique.
 45242 | Elf:1    | Found a frozen archway.
 45335 | IceCv    | Entered an ice cave
 46084 | IceCv    | Found the +10 dark maul {vorpal}
 46087 | IceCv    | Identified the ring "Coluafri" {Fire Str+5 Dex+4}
 46409 | Elf:1    | Paralysed by an orc sorcerer for 6 turns
 46515 | Elf:1    | Identified the Reference Book on Companions
 46625 | Elf:1    | Gained mutation: You are very robust. (+20% HP) [demonic
                  | ancestry]
 46625 | Elf:1    | Reached XP level 21. HP: 164/193 MP: 38/38
 47293 | Elf:2    | Found a runed translucent gate.
 47293 | Elf:2    | Found a runed translucent gate.
 47294 | Elf:2    | Found a runed translucent gate.
 47633 | Elf:2    | Gained mutation: Your magical capacity is low. (-10% MP) [a
                  | neqoxec]
 47870 | Elf:3    | Entered Level 3 of the Elven Halls
 47970 | Elf:3    | Found Nuwyuvaug's Magic Scroll Boutique.
 47989 | Elf:3    | Bought a scroll of acquirement for 780 gold pieces
 47989 | Elf:3    | Acquired 240 gold pieces
 48489 | Elf:3    | Reached skill level 15 in Long Blades
 48951 | Elf:3    | Reached skill level 14 in Spellcasting
 48959 | Elf:3    | Identified the +10 dire flail of Untimely Demise {drain,
                  | rF+ rN+ Str+7}
 49150 | Elf:3    | Reached skill level 5 in Evocations
 49260 | Elf:3    | Identified the +11 spear of Giyhit {drain, Str+3}
 49262 | Elf:3    | Identified the +12 scythe of Income {spect, rPois SInv}
 49298 | Elf:3    | Identified the ring of Lialicif {Fly rC+ rN+ Dex+2}
 49319 | Elf:3    | Identified the +1 kite shield "Baluot" {rC+ Will+ Int-3}
 49333 | Elf:3    | Identified the Guide on the Noxious Volcanoes
 49851 | Depths:1 | Entered Level 1 of the Depths
 49959 | Depths:1 | Identified the +3 scale mail of Hubris {-Cast Str+2 Slay+4}
 50103 | Depths:1 | Reached XP level 22. HP: 176/204 MP: 2/36
 50189 | Depths:1 | Noticed a dread lich
 50192 | Depths:1 | Noticed Eluum's ghost (veteran GnWn)
 50234 | Depths:1 | Found a transporter.
 50236 | Depths:1 | Found a transporter.
 50409 | Depths:1 | Identified the +3 demon blade of the Big Bang {vamp, rElec
                  | rC+ rCorr Int+4}
 50491 | Depths:1 | Found a blossoming altar of Fedhas.
 50725 | Depths:2 | Identified the ring "Guwkag" {rElec Will+ AC+4 Dex+2}
 50808 | Depths:2 | Found Gofot's Antique Armour Boutique.
 50810 | Depths:2 | Found Bofem's Distillery.
 50812 | Depths:2 | Found Jyeregri's General Store.
 51467 | Depths:2 | Noticed a golden dragon
 51479 | Depths:2 | Killed a golden dragon
 51805 | Depths:2 | Identified the +10 spear of Insufficient Pleasure {vamp,
                  | Dex+3}
 51886 | Depths:2 | Identified the ring of Ryjainir {Fire Slay+2}
 52271 | Depths:2 | Noticed a juggernaut
 52274 | Depths:2 | Paralysed by a great orb of eyes for 6 turns
 52292 | Depths:2 | Killed a juggernaut
 53345 | Depths:3 | Found a gateway to a ziggurat.
 53345 | Depths:3 | Noticed Mara
 53382 | Depths:3 | Killed Mara
 53533 | Depths:3 | Learned a level 7 spell: Orb of Destruction
 53537 | Depths:3 | Learned a level 3 spell: Inner Flame
 53544 | Depths:3 | Learned a level 5 spell: Manifold Assault
 53791 | Depths:3 | Gained mutation: You are extremely robust. (+30% HP)
                  | [demonic ancestry]
 53791 | Depths:3 | Reached XP level 23. HP: 201/231 MP: 16/37
 53802 | Depths:3 | Noticed Sojobo
 53837 | Depths:3 | Killed Sojobo
 53838 | Depths:3 | Reached skill level 5 in Translocations
 54095 | Depths:3 | Reached skill level 15 in Spellcasting
 54170 | Depths:3 | Found a one-way gate leading to the halls of Pandemonium.
 54685 | Depths:4 | Upgraded the game from 0.27-a0-1185-ga233589e6f to
                  | 0.27-a0-1187-ge80a49f48c
 55169 | Depths:4 | Found an iron altar of Okawaru.
 55232 | Depths:4 | Paralysed by a floating eye for 3 turns
 55468 | Depths:4 | Paralysed by a great orb of eyes for 3 turns
 55575 | Depths:4 | Found a one-way gate to the infinite horrors of the Abyss.
 56597 | Depths:4 | Learned a level 8 spell: Chain Lightning
 56625 | Depths:5 | Entered Level 5 of the Depths
 56819 | Depths:5 | HP: 2/232 [poison (poison gas)]
 56882 | Depths:5 | Reached skill level 1 in Air Magic
 57026 | Depths:5 | Found a gate to the Realm of Zot.
 57149 | Depths:5 | Found Bekhleceu's Distillery.
 57149 | Depths:5 | Found Reikim's Magic Scroll Emporium.
 57236 | Depths:5 | Bought a potion of magic for 192 gold pieces
 57383 | Depths:5 | Identified the +0 pair of boots of the Marlin {rF+ Will-
                  | Dex+2}
 57482 | Depths:5 | Found Docvu's Antique Armour Shoppe.
 57754 | Depths:5 | Gained mutation: A meltable icy envelope protects you from
                  | harm. (AC +8) [demonic ancestry]
 57754 | Depths:5 | Reached XP level 24. HP: 211/243 MP: 23/38
 58709 | Crypt:1  | Entered Level 1 of the Crypt
 59121 | Crypt:1  | Reached skill level 15 in Fighting
 59721 | Crypt:2  | Noticed Mennas
 59747 | Crypt:2  | Killed Mennas
 59940 | Crypt:2  | Found a huge runed translucent gate.
 59940 | Crypt:2  | Found a huge runed translucent gate.
 59941 | Crypt:2  | Found a huge runed translucent gate.
 59941 | Crypt:2  | Found a huge runed translucent gate.
 59941 | Crypt:2  | Found a huge runed translucent gate.
 59941 | Crypt:2  | Found a huge runed translucent gate.
 59943 | Crypt:2  | Found a huge runed translucent gate.
 59943 | Crypt:2  | Found a huge runed translucent gate.
 59943 | Crypt:2  | Found a huge runed translucent gate.
 60134 | Crypt:2  | Found an ancient bone altar of Kikubaaqudgha.
 60201 | Crypt:2  | Identified the +7 scale mail of the Stallion {rN+ Will+
                  | Int+3}
 60227 | Crypt:1  | Found a basalt altar of Yredelemnul.
 60516 | Crypt:2  | Reached skill level 10 in Shields
 61012 | Crypt:3  | Entered Level 3 of the Crypt
 61422 | Crypt:3  | Found an ancient bone altar of Kikubaaqudgha.
 61574 | Crypt:3  | Reached skill level 16 in Spellcasting
 61631 | Crypt:3  | Found the +0 staff of Battle
 61632 | Crypt:3  | Noticed a dread lich
 61654 | Crypt:3  | Killed a dread lich
 61661 | Crypt:3  | Identified Rustiet's Volume of Confrontation
 61666 | Crypt:3  | Identified the ring of Orusidgh {+Blink rPois rN+ rCorr
                  | Int-5}
 61666 | Crypt:3  | Identified the ring "Kohi" {rN+ Str+4 Int+5}
 61666 | Crypt:3  | Identified the ring of Niacvia {rF++ rC- rN+}
 61687 | Crypt:3  | Identified the Handbook of Poison and Transmigration
 62507 | Crypt:3  | Found a staircase to the Tomb.
 62906 | Crypt:3  | Identified the amulet of Inode {RegenMP Fragile rElec rN++
                  | Int+2}
 62964 | Crypt:3  | Reached skill level 5 in Air Magic
 63089 | Crypt:3  | Gained mutation: When low on magic, you restore magic in
                  | place of health. [demonic ancestry]
 63089 | Crypt:3  | Reached XP level 25. HP: 251/253 MP: 38/38
 64068 | Spider:1 | Entered Level 1 of the Spider Nest
 64409 | Orc:1    | Bought a scroll of enchant weapon for 90 gold pieces
 64409 | Orc:1    | Bought a scroll of summoning for 114 gold pieces
 64594 | Depths:1 | Killed a dread lich
 64616 | Depths:1 | Killed Eluum's ghost
 64630 | Depths:1 | Identified the ring of Nives {rC+ rCorr Str-3 Int+4}
 64796 | Depths:5 | Bought a scroll of enchant weapon for 120 gold pieces
 65470 | Spider:1 | Found the +10 Black Knight's barding {ponderous, rPois rN+}
 65898 | Spider:1 | Identified the +1 dagger of Lust {vorpal, rPois rC+}
 66134 | Spider:2 | Noticed Arachne
 66145 | Spider:2 | Killed Arachne
 66443 | Spider:2 | Found a runed translucent gate.
 66445 | Spider:2 | Found a runed translucent gate.
 66445 | Spider:2 | Found a runed translucent gate.
 66448 | Spider:2 | Noticed 4Hooves2Appendages's ghost (adept SpFE)
 66483 | Spider:2 | Killed 4Hooves2Appendages's ghost
 66494 | Spider:2 | Identified the +2 robe "Haefaam" {Rampage rPois rC- Dex+4}
 66495 | Spider:2 | Identified the +0 helmet of Xom's Outrage {+Inv Regen+
                  | Dex+6 Slay-5}
 66501 | Spider:2 | Noticed Frances
 66506 | Spider:2 | Killed Frances
 67176 | Spider:3 | Found a large runed translucent door.
 67177 | Spider:3 | Found a large runed translucent door.
 67631 | Spider:3 | Noticed Rithrew's ghost (journeyman DsFi)
 67640 | Spider:3 | Killed Rithrew's ghost
 68392 | Spider:4 | Entered Level 4 of the Spider Nest
 68449 | Spider:4 | Reached skill level 15 in Conjurations
 68564 | Spider:4 | Reached skill level 17 in Spellcasting
 68896 | Spider:4 | Noticed Kirke
 68902 | Spider:4 | Killed Kirke
 69162 | Spider:4 | Got a gossamer rune of Zot
 69349 | Spider:4 | Learned a level 5 spell: Hydra Form
 69788 | Vaults:5 | Entered Level 5 of the Vaults
 69803 | Vaults:5 | Reached skill level 1 in Transmutations
 69804 | Vaults:5 | Reached XP level 26. HP: 230/265 MP: 10/39
 69810 | Vaults:5 | Identified the amulet of Sunlight {Reflect *Corrode rF++
                  | Regen+ SH+5 SInv}
 69843 | Vaults:5 | Reached skill level 10 in Translocations
 69935 | Vaults:5 | Found the +6 shillelagh "Devastator" {shatter}
 69947 | Vaults:5 | Identified the ring "Ehab" {Fire Will- Str+3 Int+4 Dex+4}
 70029 | Vaults:5 | Acquired the ring "Fialon" {Wiz Fly rN+ Dex+8}
 70043 | Vaults:5 | Identified the +5 chain mail "Pikeesuj" {+Blink rC- Will+}
 70179 | Vaults:5 | Identified the ring "Wiwait" {rF+ MP+9}
 70212 | Vaults:5 | Noticed an ancient lich
 70215 | Vaults:5 | Killed an ancient lich
 70300 | Vaults:5 | Noticed Xtahua
 70318 | Vaults:5 | Killed Xtahua
 70559 | Vaults:5 | Noticed a dread lich
 70559 | Vaults:5 | Noticed an ancient lich
 70567 | Vaults:5 | Killed an ancient lich
 70569 | Vaults:5 | Killed a dread lich
 70816 | Vaults:5 | Reached skill level 18 in Spellcasting
 71436 | Vaults:5 | Got a silver rune of Zot
 71929 | Zot:1    | Entered Level 1 of the Realm of Zot
 72374 | Zot:1    | Reached XP level 27. HP: 276/276 MP: 27/40
 72804 | Zot:2    | Reached skill level 5 in Transmutations
 74042 | Zot:3    | Found the +4 dragonskin cloak
 74042 | Zot:3    | Noticed Tiamat
 74054 | Zot:2    | HP: 12/276 [poisoned by a green draconian (poison gas)]
 75057 | Zot:3    | Reached skill level 15 in Dodging
 75071 | Zot:3    | Reached skill level 15 in Necromancy
 75242 | Zot:3    | Found a runed translucent door.
 75339 | Zot:3    | Noticed Ahaosch's ghost (legendary MiFi)
 75361 | Zot:3    | Killed Tiamat
 75755 | Zot:3    | Noticed an orb of fire
 75762 | Zot:3    | Killed an orb of fire
 76066 | Zot:4    | Reached skill level 19 in Spellcasting
 77283 | Zot:5    | Entered Level 5 of the Realm of Zot
 77314 | Zot:5    | Noticed an orb of fire
 77324 | Zot:5    | Reached skill level 10 in Air Magic
 77824 | Slime:1  | Entered Level 1 of the Pits of Slime
 77874 | Slime:2  | Gained mutation: You sometimes lose the ability to read
                  | scrolls when taking damage. [a shining eye]
 77876 | Slime:2  | Gained mutation: You are occasionally teleported next to
                  | monsters. [a shining eye]
 77938 | Slime:5  | Entered Level 5 of the Pits of Slime
 78015 | Slime:5  | Gained mutation: You are clumsy. (Dex -2) [a shining eye]
 78016 | Slime:5  | Gained mutation: Your body sometimes deteriorates upon
                  | taking damage. [a shining eye]
 78121 | Slime:5  | Noticed the Royal Jelly
 78137 | Slime:5  | Killed the Royal Jelly
 78186 | Slime:5  | Found the brooch of Shielding {Spirit SH+8}
 78234 | Slime:5  | Identified the ring "Sixicuz" {rN+ Slay+4}
 78277 | Slime:5  | Identified the +3 hunting sling of Hacking and Slashing
                  | {vorpal, rPois Int-5 Dex+2}
 78284 | Slime:5  | Got a slimy rune of Zot
 78972 | Slime:1  | Reached skill level 5 in Short Blades
 79012 | Slime:1  | Gained mutation: You are sometimes teleported next to
                  | monsters. [a shining eye]
 79165 | Lair:5   | Killed Tetteh's ghost
 79268 | Hell     | Entered the Vestibule of Hell
 79268 | Hell     | Noticed Geryon
 79274 | Lair:6   | Lost mutation: Your magical capacity is low. (-10% MP)
                  | [potion of mutation]
 79274 | Lair:6   | Lost mutation: Your body sometimes deteriorates upon taking
                  | damage. [potion of mutation]
 79274 | Lair:6   | Lost mutation: You sometimes lose the ability to read
                  | scrolls when taking damage. [potion of mutation]
 79274 | Lair:6   | Gained mutation: You are dopey. (Int -2) [potion of
                  | mutation]
 79274 | Lair:6   | Gained mutation: Your flesh is heat resistant. (rF+)
                  | [potion of mutation]
 79275 | Lair:6   | Lost mutation: Your flesh is heat resistant. (rF+) [potion
                  | of mutation]
 79275 | Lair:6   | Lost mutation: You are dopey. (Int -2) [potion of mutation]
 79275 | Lair:6   | Gained mutation: You tend to lose your temper in combat.
                  | [potion of mutation]
 79275 | Lair:6   | Gained mutation: You are strong-willed. (Will+) [potion of
                  | mutation]
 79275 | Lair:6   | Gained mutation: You do not regenerate when monsters are
                  | visible. [potion of mutation]
 79276 | Lair:6   | Lost mutation: You are clumsy. (Dex -2) [potion of
                  | mutation]
 79276 | Lair:6   | Lost mutation: You tend to lose your temper in combat.
                  | [potion of mutation]
 79276 | Lair:6   | Lost mutation: You do not regenerate when monsters are
                  | visible. [potion of mutation]
 79276 | Lair:6   | Gained mutation: Your spells are a little easier to cast,
                  | but a little less powerful. [potion of mutation]
 79276 | Lair:6   | Lost mutation: Your spells are a little easier to cast, but
                  | a little less powerful. [potion of mutation]
 79350 | Hell     | Killed Geryon
 79354 | Hell     | Reached skill level 15 in Shields
 79528 | Hell     | Found a gateway to the freezing wastes of Cocytus.
 79650 | Hell     | Found a gateway to the Iron City of Dis.
 79707 | Hell     | Found a gateway to the ashen valley of Gehenna.
 79798 | Hell     | Found a gateway to the decaying netherworld of Tartarus.
 80253 | Vaults:3 | You paid a toll of 5 scrolls of fog to enter a treasure
                  | trove
 80254 | Trove    | Entered a treasure trove
 80267 | Trove    | Identified Tohogh's Guide on Ghastly Air
 80312 | Trove    | Identified Sif Muna's Catalogue of Feathery Flames
 80330 | Trove    | Acquired a +3 quick blade
 80361 | Vaults:3 | Learned a level 8 spell: Necromutation
 80791 | Geh:1    | Entered Level 1 of Gehenna
 81832 | Geh:1    | Reached skill level 20 in Spellcasting
 81985 | Geh:1    | Reached skill level 10 in Stealth
 84033 | Geh:3    | Reached skill level 10 in Evocations
 84835 | Geh:3    | HP: 6/283 [Brimstone Fiend/damnation[the effects of Hell]
                  | (37)]
 84836 | Geh:3    | HP: 1/283 [Brimstone Fiend/damnation[the effects of Hell]
                  | (7)]
 85234 | Geh:4    | Reached skill level 10 in Transmutations
 85974 | Geh:4    | Reached skill level 10 in Short Blades
 87328 | Geh:5    | You are sucked into a shaft and drop 1 floor!
 88989 | Geh:7    | Entered Level 7 of Gehenna
 89084 | Geh:7    | Found the +3 sling "Punk" {acid, rCorr}
 89109 | Geh:7    | Identified the ring of the Empty Page {Str+3 Slay+4}
 90292 | Geh:7    | Reached skill level 21 in Spellcasting
 90348 | Geh:7    | Found the +7 sceptre of Asmodeus
 90348 | Geh:7    | Noticed Asmodeus
 90381 | Geh:7    | Killed Asmodeus
 90420 | Geh:7    | Got an obsidian rune of Zot
 91184 | Depths:4 | Voluntarily entered the Abyss.
 91219 | Abyss:2  | Found a corrupted altar of Lugonu.
 91287 | Abyss:2  | Found a blossoming altar of Fedhas.
 91397 | Abyss:3  | Found a hide-covered altar of Uskayaw.
 91765 | Abyss:5  | Entered Level 5 of the Abyss
 91809 | Abyss:5  | Noticed a dread lich
 91814 | Abyss:5  | Killed a dread lich
 91821 | Abyss:5  | Noticed an ancient lich
 91840 | Abyss:5  | Killed an ancient lich
 91858 | Abyss:5  | Got an abyssal rune of Zot
 91912 | Depths:4 | Escaped the Abyss
 91977 | Depths:4 | Upgraded the game from 0.27-a0-1187-ge80a49f48c to
                  | 0.27-a0-1196-g3e9cee4cb2
 91977 | Depths:4 | Quit the game

Illustrated notes

Levels and vault maps discovered:
D:1:      ebering_hopf_link, layout_loops_corners
D:2:      layout_basic, serial_shops, nicolae_shop_behind_doors,
          nicolae_shop_trees, shop, lemuel_old_faithful
D:3:      layout_loops_ring, nicolae_qazlal_scattered_showers,
          general_overflow_altar
D:4:      layout_basic, vehumet_statue, amcnicky_altar_gilded, tgw_trog,
          chequers_temple_overflow_statue_of_worship,
          minmay_temple_entry_poolview
D:5:      layout_layer_cave, yredelemnul_forgotten_temple_becter,
          minmay_diced_spiral
D:6:      layout_basic, serial_shops, shop_statue
D:7:      minmay_angry_zag, layout_rooms, regret_index_temple_of_mockery,
          minmay_misc_feat_tiny
D:8:      cheibrodos_steamvent, layout_basic,
          grunt_temple_overflow_gold_and_silver, minmay_lair_entry_grove,
          grunt_ministairs_1
D:9:      layout_loops_ring
D:10:     minmay_the_grid_square_5x5_4x4 [minmay_the_grid_square_5x5_percent,
          minmay_the_grid_square_5x5_meh,
          minmay_the_grid_square_5x5_checkered_sparse,
          minmay_the_grid_square_5x5_v, minmay_the_grid_square_5x5_beaten_path,
          minmay_the_grid_square_5x5_prize_open,
          minmay_the_grid_square_5x5_prize_waves,
          minmay_the_grid_square_5x5_two,
          minmay_the_grid_square_5x5_sharp_hourglass,
          minmay_the_grid_square_5x5_prize_snowflake,
          minmay_the_grid_square_5x5_prize_itemx,
          minmay_the_grid_square_5x5_three_walls,
          minmay_the_grid_square_5x5_longway,
          minmay_the_grid_square_5x5_one_wall, minmay_the_grid_square_5x5_c,
          minmay_the_grid_square_5x5_hollow_slash], layout_basic,
          nicolae_overflow_crystal_walls, serial_curves, eino_curves_02,
          eino_curves_02, eino_curves_03, eino_curves_03
D:11:     layout_cave_pods, orc_david_3, gauntlet_entry_generic
D:12:     layout_long_grid, enter_bailey_5, evilmike_minifort, uniq_erolcha
D:13:     layout_roguey
D:14:     layout_irregular_city, erik_vaults_1, chequers_serial_rivers_small_b
D:15:     hangedman_depths_entry_try_elsewhere_first, layout_loops_ring,
          serial_shops, shop, wad_floor_pattern_1, skrybe_limestone_x,
          kennysheep_flooded_box, kiku_gazebo_pond_becter
Temple:   compressed_dpeg_triangle_lava_temple
Lair:1:   layout_roguey, st_stairs_5, beast_lair_carwin_6, uniq_gastronok
Lair:2:   layout_loops_ring, worms_lemuel, uniq_maggie, uniq_fannar
Lair:3:   beast_lair_carwin_large_1, layout_cave_shapes,
          nicolae_spider_entry_tight_spaces, grunt_forest_small_clearing_treed,
          uniq_sonja
Lair:4:   beast_lair_carwin_large_2, layout_cave_pods, swamp_mist_pool,
          nzn_sisyphean_effort, uniq_nessos
Lair:5:   layout_cave_shapes, slime_altar_1, gammafunk_ghost_grave,
          beast_lair_carwin_11, grunt_megastairs_4
Lair:6:   evil_forest, layout_gridlike, ebering_ghost_funeral_grove
Swamp:1:  layout_basic_swamp, hangedman_swamp_ruin_wall
Swamp:2:  layout_falls_marsh, evilmike_swamp_ruin_rubble_2,
          infiniplex_staircase_pool
Swamp:3:  cheibrodos_swamp_heart_of_darkness, layout_basic_swamp,
          evilmike_swamp_ruin_house_4
Swamp:4:  swamp_alternative, layout_basic_swamp, nicolae_swamp_bunyip_nook
Spider:1: spiders_nest_scorpion_pit, beargit_elvish_explorers
Spider:2: layout_spider_delve, gammafunk_ghost_split,
          nicolae_spider_jagged_tunnels, uniq_frances, uniq_arachne
Spider:3: layout_chambers, ebering_ghost_disaster_area,
          nicolae_spider_swamp_cousins
Spider:4: grunt_spider_rune_island, drop_trap,
          hangedman_spider_tarantella_strand, uniq_kirke
Slime:1:  layout_caves
Slime:2:  layout_caves
Slime:3:  layout_caves, basic_altar
Slime:4:  layout_caves
Slime:5
Orc:1:    layout_caves, serial_shops, shop, shop, shop_fountains, shop,
          basic_altar, elf_legates
Orc:2:    grunt_orc_community_town_hall, layout_caves,
          grunt_orc_community_big_house_1, grunt_orc_community_big_house_1,
          grunt_orc_community_house_3, grunt_orc_community_house_2,
          grunt_orc_community_house_3, grunt_orc_community_house_1,
          grunt_orc_community_house_1, grunt_orc_community_house_2
Elf:1:    elf_arrival_002, layout_gridlike, portal_ice_cave_entry_pillars_three,
          serial_shops, nicolae_shop_temple_entry_statues_fountains,
          special_room [special_room_orc], minmay_elf_demonology,
          grunt_ministairs_14, lemuel_flamethrower_3, uniq_jorgrun
Elf:2:    layout_geoelf_grid, serial_glass, glass_columns_a, glass_columns_a,
          glass_columns_a, glass_columns_b
Elf:3:    minmay_elf_hall_four_x, layout_geoelf_diagonals, serial_shops,
          nicolae_shop_waterfront
Vaults:1: vaults_room_stairs_pillars, nicolae_vaults_theta,
          gammafunk_dig_for_victory, v_misc_15, nicolae_vaults_theta,
          nicolae_vaults_little_squares_2, v_alt_pattern_5,
          ontoclasm_vaults_spin, hangedman_vaults_cutoff,
          ontoclasm_vaults_hangar, nicolae_vaults_network_star,
          vaults_room_large_hall, v_pattern_2, vaults_dpeg_hooks,
          vaults_room_stairs_pillars, layout_vaults_omnibox, serial_shops,
          nicolae_shop_trees, shop, shop, shop, nicolae_shop_waterfront
Vaults:2: vaults_standard_mumra_x, vaults_mumra_hex, v_misc_5,
          nicolae_vaults_ring_of_whatevers, hangedman_vaults_restitches,
          layout_vaults_omnigrid, uniq_frederick, uniq_margery
Vaults:3: ontoclasm_vaults_ring_small, minmay_crypt_entry_simple_round,
          vaults_mumra_chevron, nicolae_vaults_stairing_the_circle, v_misc_1,
          vaults_room_semicircle, grunt_vaults_hallway_short,
          vaults_room_hallway, ontoclasm_vaults_fault,
          nicolae_vaults_little_squares_5, layout_vaults_omnicross,
          serial_shops, nicolae_shop_trees, enter_trove_0, uniq_donald
Vaults:4: nicolae_vaults_asterisk, hangedman_vaults_slither,
          nicolae_vaults_network_quinsquares
          [nicolae_vaults_network_quincunx_subvault,
          nicolae_vaults_network_quincunx_subvault,
          nicolae_vaults_network_quincunx_subvault,
          nicolae_vaults_network_quincunx_subvault],
          nicolae_vaults_halls_meeting, v_misc_27,
          vaults_standard_mumra_enter_the_diamond, v_misc_26,
          nicolae_vaults_theta, nicolae_vaults_little_squares_5,
          vaults_room_fours, ontoclasm_vaults_twist, layout_vaults_maze_bifur
Vaults:5: uniq_xtahua
Crypt:1:  layout_misc_corridors, st_stairs_4, minmay_misc_feat_hallway,
          lemuel_upstairs_altar
Crypt:2:  cheibrodos_crypt_3hun_7po, layout_regular_city, basic_altar,
          uniq_mennas
Crypt:3:  evilmike_haunted_forest
Depths:1: layout_forbidden_donut, hellmouth_1, minmay_misc_feat_square,
          gammafunk_ghost_mausoleum, fedhas_altar_2
Depths:2: little_maze_vault, layout_cave_shapes, hell_entry, tso_metal_star,
          infiniplex_staircase_trident, grunt_megastairs_2,
          serial_bayou_shore_b, minmay_shop_star, serial_bayou_shore_b,
          firewood_loft
Depths:3: nzn_winding_woodlands_stair_trap [nzn_winding_woodlands_5x15_pool,
          nzn_winding_woodlands_5x15_sidewinder,
          nzn_winding_woodlands_5x15_river_crossing,
          nzn_winding_woodlands_15x15_thick_spiral,
          nzn_winding_woodlands_5x15_pockets, nzn_winding_woodlands_5x15_cabin,
          nzn_winding_woodlands_5x15_zeroes], layout_basic, enter_ziggurat_b,
          grunt_mini_vestibule, minmay_misc_feat_iff, rand_demon_pan_entry_9,
          uniq_mara, uniq_sojobo
Depths:4: minmay_big_diamond_grid, layout_honeycomb, abyss_entry,
          pf_coc_iceberg, chequers_big_river, okawaru_ov_weapons_minmay,
          infiniplex_staircase_diamond
Depths:5: evilmike_zot_entry_basic, layout_honeycomb, serial_shops,
          nicolae_shop_trees, serial_bayou_pond_d,
          pf_vacation_house_of_asmodeus, minmay_shoptagon, serial_bayou_shore_a
Hell
Geh:1:    layout_gehenna_lava_caves, hangedman_elemental_corridor
Geh:2:    layout_gehenna_pools_box
Geh:3:    layout_gehenna_lava_caves, nicolae_geh_amphitheater
Geh:4:    layout_gehenna_lava_caves, hangedman_elemental_grid_stream
Geh:5:    layout_gehenna_pools_box
Geh:6:    layout_gehenna_lava_caves
Geh:7:    geh_old
Zot:1:    layout_twisted_circle, st_single_dragon_hoard_2
Zot:2:    layout_gridlike, st_stairs_7, grunt_megastairs_1
Zot:3:    layout_gridlike, ebering_ghost_reflecting_pool, uniq_tiamat
Zot:4:    layout_gridlike
Zot:5:    layout_basic, ebering_ghost_gozag

Skill      XL: |  1  2  3  4  5  6  7  8  9 10 11 12 13 14 15 16 17 18 19 20 21 22 23 24 25 26 27 |
---------------+----------------------------------------------------------------------------------+-----
Necromancy     | 5 6 7 8 9 10 11 12 13 14 18 | 18.2
Short Blades   | 1 2 3 4 12 | 12.4
Spellcasting   | 3 4 5 6 7 8 9 10 11 12 13 14 15 16 17 18 21 | 21.1
Fighting       | 1 2 3 4 5 6 9 10 11 12 13 14 15 16 19 | 19.1
Dodging        | 2 3 4 5 6 7 8 9 10 11 12 13 14 17 | 17.1
Stealth        | 2 3 5 7 8 9 12 | 12.3
Invocations    | 1 3 5 6 8 9 10 11 12 13 | 13.0
Armour         | 1 2 3 4 5 |  5.9
Shields        | 1 2 3 4 5 6 7 8 9 10 11 12 18 | 18.1
Summonings     | 1 2 3 4 5 6 7 8 9 10 | 10.6
Long Blades    | 1 2 4 6 8 11 12 13 14 15 16 17 | 17.1
Conjurations   | 1 3 4 6 7 8 9 10 11 12 13 14 15 16 19 | 19.1
Translocations | 1 2 3 4 6 8 9 10 12 | 12.1
Throwing       | 1 2 |  2.0
Slings         | 2 4 5 6 7 8 9 |  9.4
Earth Magic    | 1 3 5 6 7 8 |  8.9
Evocations     | 1 2 5 6 8 13 | 13.6
Air Magic      | 1 5 6 7 12 | 12.8
Transmutations | 1 4 11 | 11.5
Staves         | |  0.6

Action                   |  1- 3 |  4- 6 |  7- 9 | 10-12 | 13-15 | 16-18 | 19-21 | 22-24 | 25-27 || total
-------------------------+-------+-------+-------+-------+-------+-------+-------+-------+-------++-------
Melee: Dagger            |    14 |   110 |   341 |    76 |    48 |       |     1 |       |       ||   590
       Short sword       |    24 |    56 |       |       |       |       |       |       |       ||    80
       Long sword        |       |       |    23 |       |       |       |       |       |       ||    23
       Scimitar          |       |       |    69 |   312 |   281 |   504 |   169 |       |       ||  1335
       Headbutt          |       |       |       |    61 |   140 |   228 |   413 |   450 |   994 ||  2286
       Double sword      |       |       |       |       |       |       |   635 |   949 |  3837 ||  5421
       Hunting sling     |       |       |       |       |       |       |     1 |     1 |       ||     2
       Staff             |       |       |       |       |       |       |       |     6 |       ||     6
 Fire: Hunting sling     |       |       |       |       |    99 |   752 |   376 |   737 |    57 ||  2021
       Fustibalus        |       |       |       |       |       |       |       |       |     2 ||     2
Throw: Boomerang         |       |     2 |    21 |       |    22 |     7 |    25 |    30 |     3 ||   110
       Dart              |       |     2 |       |    12 |       |       |       |     2 |       ||    16
 Cast: Pain              |    57 |    32 |     2 |       |       |       |       |       |       ||    91
       Vampiric Draining |       |    15 |    21 |    83 |    96 |   121 |    53 |     8 |    87 ||   484
       Call Canine Famil |       |       |     6 |    11 |     3 |     5 |       |       |       ||    25
       Searing Ray       |       |       |    13 |    12 |     5 |    17 |       |       |       ||    47
       Iskenderun's Myst |       |       |       |    12 |    10 |    23 |    19 |     3 |    31 ||    98
       Borgnjor's Vile C |       |       |       |       |       |   214 |   185 |   237 |    86 ||   722
       Manifold Assault  |       |       |       |       |       |       |       |    47 |   854 ||   901
       Orb of Destructio |       |       |       |       |       |       |       |    53 |  1124 ||  1177
       Chain Lightning   |       |       |       |       |       |       |       |       |    30 ||    30
       Necromutation     |       |       |       |       |       |       |       |       |     5 ||     5
Invok: Slouch            |       |       |       |       |     2 |    13 |       |     6 |    10 ||    31
       Step From Time    |       |       |       |       |       |       |     2 |     2 |     3 ||     7
Evoke: Wand              |       |       |     1 |       |     8 |     3 |       |     2 |       ||    14
       Phantom mirror    |       |       |       |       |     1 |       |     2 |       |     2 ||     5
       Tin of tremorston |       |       |       |       |       |     8 |     4 |     7 |     9 ||    28
       Condenser vane    |       |       |       |       |       |       |     2 |     3 |     8 ||    13
       Box of beasts     |       |       |       |       |       |       |       |       |     3 ||     3
  Use: Potion            |       |     4 |     1 |     4 |     2 |     2 |     3 |     5 |     8 ||    29
       Scroll            |       |       |     7 |    13 |     3 |    11 |     7 |     7 |     9 ||    57
 Stab: Sleeping          |     1 |       |     2 |     1 |       |     2 |    14 |     3 |    13 ||    36
       Paralysed         |       |       |     2 |       |     2 |       |       |       |     1 ||     5
       Distracted        |       |       |     2 |     1 |       |     2 |     2 |     5 |     7 ||    19
       Invisible         |       |       |       |     1 |       |       |       |       |       ||     1
Armor: Robe              |    19 |    17 |       |       |       |       |       |       |       ||    36
       Ring mail         |       |    21 |   131 |    45 |       |       |       |       |       ||   197
       Skin              |       |     4 |       |     3 |       |       |       |       |       ||     7
       Chain mail        |       |       |    19 |       |       |       |       |       |       ||    19
       Acid dragon scale |       |       |       |    66 |    16 |       |       |       |       ||    82
       Plate armour      |       |       |       |       |    58 |   166 |       |       |       ||   224
       Troll leather arm |       |       |       |       |       |    64 |   145 |   260 |   700 ||  1169
Dodge: Dodged            |    27 |   115 |   290 |   416 |   261 |   808 |   898 |  1171 |  2540 ||  6526
       Repelled          |       |       |       |     1 |     4 |    29 |    19 |    14 |    67 ||   134
Block: Other             |     7 |    22 |       |       |       |       |       |       |       ||    29
       Buckler           |       |    12 |   270 |   379 |   408 |   701 |       |       |       ||  1770
       Reflection        |       |       |       |     6 |    14 |    29 |       |       |    69 ||   118
       Kite shield       |       |       |       |       |       |   196 |   890 |  1104 |   594 ||  2784
       Tower shield      |       |       |       |       |       |       |       |       |  4124 ||  4124
       Rpst.: Long sword |       |       |     2 |       |       |       |       |       |       ||     2
       Scimitar          |       |       |    18 |    99 |    45 |    80 |    34 |       |       ||   276
       Double sword      |       |       |       |       |       |       |   100 |   119 |   415 ||   634

Table legend: (Time is in decaauts)
 A = Elapsed time spent in this place.
 B = Non-inter-level travel time spent in this place.
 C = Inter-level travel time spent in this place.
 D = Time resting spent in this place.
 E = Time spent auto-exploring this place.
 F = Levels seen in this place.
 G = Mean time per level.
                   A        B        C        D        E       F      G
               +--------+--------+--------+--------+--------+-----+--------+
         Total | 137306 | 120791 |  16515 |   6429 |  90275 |  76 | 1806.7 |
       Dungeon |  32312 |  26609 |   5703 |   3054 |  19447 |  15 | 2154.1 |
        Temple |    114 |     97 |     17 |      0 |     69 |   1 |  114.0 |
          Lair |  14428 |  11051 |   3377 |    100 |   9497 |   6 | 2404.7 |
         Swamp |   6490 |   6285 |    205 |    623 |   4563 |   4 | 1622.5 |
   Spider Nest |   7205 |   6771 |    434 |      0 |   5811 |   4 | 1801.2 |
    Slime Pits |   1838 |   1643 |    195 |    140 |    781 |   5 |  367.6 |
  Orcish Mines |   3657 |   3187 |    470 |      0 |   2651 |   2 | 1828.5 |
   Elven Halls |   6099 |   5483 |    616 |    178 |   3877 |   3 | 2033.0 |
        Vaults |  14447 |  12294 |   2153 |    121 |   9485 |   5 | 2889.4 |
         Crypt |   7747 |   7110 |    637 |    137 |   5368 |   3 | 2582.3 |
        Depths |  14791 |  13034 |   1757 |     91 |  10693 |   5 | 2958.2 |
          Hell |   1195 |   1095 |    100 |    274 |    593 |   1 | 1195.0 |
       Gehenna |  13339 |  12977 |    362 |    111 |   9275 |   7 | 1905.6 |
           Zot |   8371 |   7888 |    483 |    940 |   5695 |   5 | 1674.2 |
         Abyss |   2121 |   2121 |      0 |     15 |   1237 |   6 |  353.5 |
         Trove |    164 |    164 |      0 |      0 |      0 |   1 |  164.0 |
        Bailey |    677 |    677 |      0 |      0 |    364 |   1 |  677.0 |
      Ice Cave |   1165 |   1165 |      0 |    241 |    514 |   1 | 1165.0 |
      Gauntlet |   1136 |   1136 |      0 |    403 |    354 |   1 | 1136.0 |
               +--------+--------+--------+--------+--------+-----+--------+

Top non-repeatable levels by time:
 Crypt:3: 4013 daAuts
Vaults:1: 3850 daAuts
Depths:2: 3567 daAuts
Depths:4: 3545 daAuts
  Lair:6: 3401 daAuts
Depths:3: 3271 daAuts
  Lair:1: 3009 daAuts
Vaults:2: 2810 daAuts
     D:5: 2778 daAuts
Vaults:5: 2768 daAuts
    D:10: 2728 daAuts
    D:11: 2725 daAuts
   Elf:3: 2649 daAuts
    D:12: 2560 daAuts
Spider:3: 2550 daAuts
